 Dungeon Crawl Stone Soup version 0.22.0 (webtiles) character file.

1858 edsrzf the Sneak (level 9, -3/45 HPs)
             Began as a Kobold Venom Mage on Aug 12, 2018.
             Killed from afar by an electric eel (14 damage)
             ... with a bolt of electricity
             ... on level 6 of the Dungeon on Aug 13, 2018.
             The game lasted 00:17:23 (9687 turns).

edsrzf the Sneak (Kobold Venom Mage)                Turns: 9687, Time: 00:17:23

Health: -3/45      AC:  5    Str:  8    XL:     9   Next: 35%
Magic:  12/16      EV: 15    Int: 20    God:
Gold:   311        SH:  0    Dex: 15    Spells: 12/18 levels left

rFire    . . .     SeeInvis .   a - +2 dagger (speed)
rCold    . . .     Gourm    .   (shield restricted)
rNeg     + . .     Faith    .   d - +0 robe
rPois    .         Spirit   .   (no helmet)
rElec    .         Reflect  .   (no cloak)
rCorr    .         Harm     .   D - +2 pair of gloves {Str+3}
MR       .....                  (no boots)
Stlth    ++++......             (no amulet)
HPRegen  0.15/turn              y - ring of positive energy
MPRegen  0.15/turn              (no ring)

@: no status effects
A: small, carnivore
a: no special abilities


You were on level 6 of the Dungeon.
You were not hungry.

You visited 1 branch of the dungeon, and saw 6 of its levels.

You collected 311 gold pieces.

Inventory:

Hand Weapons
 a - a +2 dagger of speed (weapon)
 b - a +2 short sword of holy wrath
 m - a +1 dagger of protection
 B - a +0 dagger of venom
Missiles
 q - 36 poisoned needles
Armour
 d - a +0 robe (worn)
 D - a +2 pair of gloves of strength (worn)
Jewellery
 y - a ring of positive energy (left hand)
Wands
 o - a wand of polymorph (9)
 C - a wand of random effects (42)
Scrolls
 e - 2 scrolls of teleportation {@r3}
 f - a scroll of fog {unknown}
 k - 2 scrolls of fear {unknown}
 l - 4 scrolls of identify {unknown}
 p - a scroll of magic mapping {unknown}
 r - 3 scrolls of remove curse {@r2}
 s - a scroll of amnesia {unknown}
 v - a scroll of enchant armour {unknown}
 w - a scroll of noise {unknown}
 A - a scroll of enchant weapon {unknown}
Potions
 g - a potion of might {unknown}
 h - 2 potions of haste
 i - a potion of flight {unknown}
 j - a potion of invisibility
 n - a potion of lignification {unknown}
 t - 3 potions of curing {unknown}
 u - a potion of magic {unknown}
 x - a potion of brilliance {unknown}
 z - a potion of degeneration {unknown}
 E - a potion of berserk rage {unknown}
Comestibles
 c - 14 rations


   Skills:
 + Level 6.5 Short Blades
 - Level 2.4 Dodging
 + Level 7.9 Stealth
 + Level 5.2 Spellcasting
 + Level 5.7 Conjurations
 + Level 5.6 Poison Magic


You had 12 spell levels left.
You knew the following spells:

 Your Spells              Type           Power        Failure   Level  Hunger
a - Poisonous Vapours     Pois/Air       ###...       5%          2    None
C - Mephitic Cloud        Conj/Pois/Air  ###.....     7%          3    ##.....
X - Sting                 Conj/Pois      ####         1%          1    None

Your spell library contained the following spells:

 Spells                   Type           Power        Failure   Level  Hunger
 Venom Bolt               Conj/Pois      ####......   30%         5    #####..
 Olgreb's Toxic Radiance  Pois           ####....     11%         4    ####...


Dungeon Overview and Level Annotations

Branches:
Dungeon (6/15)
 Temple: D:4-7

Altars:

Annotations:
D:3 1 runed door, Arexsocan's ghost, amateur GrFi


Innate Abilities, Weirdness & Mutations

You are small and have problems with some larger weapons.
You are carnivorous and can eat meat at any time.


Message History

The bolt of electricity hits you!
* * * LOW HITPOINT WARNING * * *
You start resting.
Magic restored.
You start resting.
HP restored.
Casting: Sting (safe; 1% risk of failure)
Confirm with . or Enter, or press ? or * to list all spells.
Aiming: Sting (safe; 1% risk of failure)
Press: ? - help, Shift-Dir - straight line, f - electric eel
Aim: an electric eel (hasn't noticed you)
Okay, then.
Evoke which item? (* to show all) (? for menu, Esc to quit)
Okay, then.
You close the door.
You enter the shallow water.
Moving in this stuff is going to be slow.
You open the door.
Evoke which item? (* to show all) (? for menu, Esc to quit)
Aiming: Polymorph
Press: ? - help, Shift-Dir - straight line, f - electric eel
Aim: an electric eel (water, resting, chance to defeat MR: 54%)
Okay, then.
There is an open door here.
Casting: Sting (safe; 1% risk of failure)
Confirm with . or Enter, or press ? or * to list all spells.
Aiming: Sting (safe; 1% risk of failure)
Press: ? - help, Shift-Dir - straight line, f - electric eel
Aim: an electric eel (water, resting)
The sting hits the electric eel.
The electric eel is poisoned.
The electric eel is moderately wounded.
Casting: Sting (safe; 1% risk of failure)
Confirm with . or Enter, or press ? or * to list all spells.
Aiming: Sting (safe; 1% risk of failure)
Press: ? - help, Shift-Dir - straight line, f - electric eel, p - electric eel
Aim: an electric eel (water)
The sting hits the electric eel.
The electric eel is poisoned.
The electric eel is moderately wounded.
Casting: Sting (safe; 1% risk of failure)
Confirm with . or Enter, or press ? or * to list all spells.
Aiming: Sting (safe; 1% risk of failure)
Press: ? - help, Shift-Dir - straight line, f/p - electric eel
Aim: an electric eel (water, moderately wounded, poisoned)
The sting hits the electric eel.
The electric eel looks even sicker.
The electric eel is severely wounded.
You start resting.
You feel a bit more experienced.
You start resting.
Magic restored.
The electric eel shoots out a bolt of lightning at you!
The bolt of electricity hits the plant.
The bolt of electricity hits you!
Casting: Sting (safe; 1% risk of failure)
Confirm with . or Enter, or press ? or * to list all spells.
You can't see any susceptible monsters within range! (Use Z to cast anyway.) Unknown command.
Evoke which item? (* to show all) (? for menu, Esc to quit)
Aiming: Polymorph
Press: ? - help, Shift-Dir - straight line, f - electric eel
Aim: an electric eel (water, severely wounded, chance to defeat MR: 54%)
Okay, then.
The electric eel shoots out a bolt of lightning at you!
The bolt of electricity hits the plant.
The bolt of electricity hits you!
There is an open door here.
Evoke which item? (* to show all) (? for menu, Esc to quit)
Okay, then.
Casting: Sting (safe; 1% risk of failure)
Confirm with . or Enter, or press ? or * to list all spells.
Aiming: Sting (safe; 1% risk of failure)
Press: ? - help, Shift-Dir - straight line, f - electric eel
Aim: an electric eel (water, severely wounded)
The sting hits the electric eel.
The electric eel is poisoned.
The electric eel is almost dead.
You kill the electric eel!
Casting: Sting (safe; 1% risk of failure)
Confirm with . or Enter, or press ? or * to list all spells.
Aiming: Sting (safe; 1% risk of failure)
Press: ? - help, Shift-Dir - straight line, f - electric eel
Aim: an electric eel (water)
The sting hits the electric eel.
The electric eel is poisoned.
The electric eel is lightly wounded.
Casting: Sting (safe; 1% risk of failure)
Confirm with . or Enter, or press ? or * to list all spells.
Aiming: Sting (safe; 1% risk of failure)
Press: ? - help, Shift-Dir - straight line, f/p - electric eel
Aim: an electric eel (water, lightly wounded, poisoned)
The sting hits the electric eel.
The electric eel looks even sicker.
The electric eel is heavily wounded.
Casting: Sting (safe; 1% risk of failure)
Confirm with . or Enter, or press ? or * to list all spells.
Aiming: Sting (safe; 1% risk of failure)
Press: ? - help, Shift-Dir - straight line, f/p - electric eel
Aim: an electric eel (water, heavily wounded, poisoned)
The sting hits the electric eel.
The electric eel looks even sicker.
The electric eel is almost dead.
The electric eel shoots out a bolt of lightning at you!
The bolt of electricity hits you!
* * * LOW HITPOINT WARNING * * *
The electric eel shoots out a bolt of lightning at you!
The bolt of electricity hits you!
You die...

####.###.###≈≈≈##≈≈..)######
#.###.##≈;.≈≈######.##...
#......#.?[≈!##;≈≈##≈####
#.....##%.P≈≈#≈≈.≈≈#≈#
####.##.##P..P.#$.(;(#≈#
#........#.....#.≈.P≈#≈#
#.##.##.##.....#P≈.PP#≈#
#######.##.##.###'..##.....#.#
...........##.#.@#####.....#.#
#######.####.###..≈≈≈##+..##.#
#.# #.########≈..####.## #.#
##.#..# ###...≈≈## #.#####.#.#
####### #.........#
###########


You could see an electric eel.

Vanquished Creatures
  A hornet (D:6)
  2 orc warriors
  A phantom (D:6)
  2 sky beasts
  An ogre (D:5)
  2 centaurs
  2 scorpions
  2 electric eels (D:6)
  A howler monkey (D:4)
  A bullfrog zombie (D:6)
  A crimson imp (D:6)
  2 orc priests
  A centaur skeleton (D:4)
  2 hounds
  3 orc wizards
  2 bullfrog skeletons
  Jessica (D:2)
  2 iguanas
  2 worker ants (D:4)
  7 adders
  5 river rats (D:5)
  A shadow imp (D:5)
  3 oozes
  4 worms
  4 dart slugs
  2 leopard geckos
  13 orcs
  2 ball pythons
  4 bats
  8 giant cockroaches
  6 goblins
  6 hobgoblins
  9 jackals
  9 kobolds
  8 quokkas
  6 frilled lizards
  23 rats
151 creatures vanquished.

Vanquished Creatures (others)
  A withered plant (D:3)
1 creature vanquished.

Grand Total: 152 creatures vanquished

Notes
Turn   | Place    | Note
-------+----------+-------------------------------------------
     0 | D:1      | edsrzf the Kobold Venom Mage began the quest for the Orb.
     0 | D:1      | Reached XP level 1. HP: 10/10 MP: 3/3
   182 | D:1      | Reached XP level 2. HP: 15/15 MP: 0/5
   203 | D:1      | Reached skill level 2 in Conjurations
   478 | D:1      | Reached skill level 3 in Stealth
   478 | D:1      | Reached XP level 3. HP: 18/19 MP: 3/6
   503 | D:1      | Reached skill level 1 in Short Blades
  1753 | D:2      | Reached XP level 4. HP: 23/24 MP: 3/7
  1899 | D:2      | Noticed Jessica
  1902 | D:2      | Killed Jessica
  1902 | D:2      | Reached skill level 2 in Short Blades
  1912 | D:2      | Learned a level 3 spell: Mephitic Cloud
  1915 | D:2      | Learned a level 2 spell: Poisonous Vapours
  1955 | D:2      | Noticed an ice beast
  1974 | D:2      | Reached skill level 4 in Stealth
  1986 | D:2      | Reached skill level 3 in Conjurations
  2892 | D:3      | Reached XP level 5. HP: 28/28 MP: 5/8
  3402 | D:3      | Found a runed door.
  3404 | D:3      | Noticed Arexsocan's ghost (amateur GrFi)
  3818 | D:3      | Identified 3 potions of haste
  3824 | D:3      | Reached skill level 3 in Short Blades
  4379 | D:4      | Reached XP level 6. HP: 10/32 MP: 8/10
  5034 | D:4      | Reached skill level 5 in Stealth
  5034 | D:4      | Reached skill level 3 in Spellcasting
  5150 | D:4      | Reached XP level 7. HP: 23/36 MP: 3/11
  5451 | D:4      | Identified 2 scrolls of teleportation
  5452 | D:4      | Identified 2 scrolls of remove curse
  5633 | D:4      | Reached skill level 4 in Short Blades
  5704 | D:5      | Entered Level 5 of the Dungeon
  6000 | D:5      | Reached skill level 4 in Conjurations
  6187 | D:5      | Reached skill level 4 in Poison Magic
  6561 | D:5      | Identified 2 potions of invisibility
  6921 | D:5      | Reached skill level 6 in Stealth
  6921 | D:5      | Reached XP level 8. HP: 41/41 MP: 5/13
  7010 | D:5      | Reached skill level 4 in Spellcasting
  7190 | D:5      | Reached skill level 5 in Short Blades
  8381 | D:6      | Reached skill level 7 in Stealth
  8381 | D:6      | Reached skill level 5 in Conjurations
  8381 | D:6      | Reached skill level 5 in Poison Magic
  8675 | D:6      | Reached XP level 9. HP: 45/45 MP: 14/16
  8749 | D:6      | Reached skill level 6 in Short Blades
  9300 | D:6      | Noticed a hornet
  9300 | D:6      | an ice beast changed into a hornet
  9309 | D:6      | Killed a hornet
  9309 | D:6      | Reached skill level 5 in Spellcasting
  9363 | D:6      | HP: 2/45 [electric eel/bolt of electricity (7)]
  9687 | D:6      | Killed from afar by an electric eel

Skill      XL: |  1  2  3  4  5  6  7  8  9 |
---------------+----------------------------+-----
Conjurations   | 2 3 4 5 |  5.7
Stealth        | 3 4 5 6 7 |  7.9
Short Blades   | 1 2 3 4 5 6 |  6.5
Spellcasting   | 3 4 5 |  5.2
Poison Magic   | 4 5 |  5.6
Dodging        | |  2.4

Action                   |  1- 3 |  4- 6 |  7- 9 || total
-------------------------+-------+-------+-------++-------
Melee: Unarmed           |     5 |       |       ||     5
       Dagger            |    24 |    43 |   106 ||   173
       Short sword       |       |    14 |    44 ||    58
 Cast: Sting             |    82 |   118 |   166 ||   366
       Mephitic Cloud    |       |       |     7 ||     7
Evoke: Wand              |       |       |     2 ||     2
  Use: Potion            |       |     1 |     1 ||     2
       Scroll            |       |       |     2 ||     2
 Stab: Sleeping          |       |     1 |     2 ||     3
       Confused          |       |       |     2 ||     2
       Distracted        |       |       |     1 ||     1
  Eat: Chunk             |     5 |    17 |    10 ||    32
Armor: Robe              |     7 |     4 |    11 ||    22
Dodge: Dodged            |    23 |    28 |    88 ||   139
